 Dungeon Crawl Stone Soup version 0.31-a0-157-g0643eb4156 (webtiles) character file.

Game seed: 1550539429350781250

555 qw the Shooter (level 7, -1/66 HPs)
             Began as a Naga Hunter on June 12, 2023.
             Slain by Duvessa
             ... wielding a +0 short sword
              (15 damage)
             ... on level 4 of the Dungeon.
             The game lasted 00:00:58 (2640 turns).

qw the Shooter (Naga Hunter)                        Turns: 2640, Time: 00:00:59

Health: -1/66      AC:  7    Str: 13    XL:     7   Next: 30%
Magic:  7/7        EV:  9    Int: 10    God:
Gold:   218        SH:  0    Dex: 16    Spells: 6/6 levels left

rFire   . . .        Y - +0 shortbow
rCold   + + +        (shield currently unavailable)
rNeg    . . .        c - +0 leather armour
rPois   +            d - +0 helmet of Theory {rPois rC+++ Will- Regen+}
rElec   .            h - +2 cloak
rCorr   .            (no gloves)
SInv    +            (no barding)
Will    .....        (no amulet)
Stlth   ++           (no ring)
HPRegen 1.11/turn    (no ring)
MPRegen 0.10/turn

%: no passive effects
@: about to teleport, very slow
A: AC +2, large, see invisible, deformed body, poison resistance, slowness 2,
spit poison 1, naga tail 1
a: Spit Poison


You were on level 4 of the Dungeon.
You visited 1 branch of the dungeon, and saw 4 of its levels.

You collected 218 gold pieces.


Innate Abilities, Weirdness & Mutations

Your serpentine skin is tough. (AC +2)
You have supernaturally acute eyesight. (SInv)
Armour fits poorly on your strangely shaped body.
Your system is resistant to poisons. (rPois)
You cover ground very slowly.
You can spit poison.
You have a snake-like lower body.


   Skills:
 - Level 4.3 Fighting
 + Level 6.9 Ranged Weapons
 - Level 1.5 Dodging
 - Level 1.5 Stealth


You had 6 spell levels left.
You didn't know any spells.
Your spell library was empty.

Inventory:

Hand Weapons
 Y - a +0 shortbow (weapon)
Armour
 c - a +0 leather armour (worn)
 d - the +0 helmet of Theory (worn) {rPois rC+++ Will- Regen+}
   (You acquired it on level 1 of the Dungeon)

   rC:        It renders you almost immune to cold.
   rPois:     It protects you from poison.
   Regen:     It increases your rate of health regeneration.
   Will:      It decreases your willpower.
 h - a +2 cloak (worn)
 k - a +0 pair of gloves
Jewellery
 a - a ring of positive energy
Scrolls
 f - a scroll of identify
 l - 2 scrolls of blinking {unknown}
Potions
 e - a potion of degeneration {unknown}
 g - a potion of resistance {unknown}
 i - a potion of might {unknown}
 j - a potion of berserk rage {unknown}

Dungeon Overview and Level Annotations

Branches:
Dungeon (4/15)
 Temple: D:4-7

Altars:
Wu Jian
Yredelemnul

Shops:
D:2 :

Annotations:
D:4 Duvessa


Message History

You shoot an arrow. The arrow hits Duvessa.
Duvessa is lightly wounded.
Duvessa rages.
Duvessa barely misses you.
You shoot an arrow. The arrow barely misses Duvessa.
You have got your breath back.
Duvessa hits you with a +0 short sword!
2633 ||| INVOKING Spit Poison.
Aiming: Spit Poison (1% risk of failure)
Press: ? - help, Shift-Dir - straight line, f/p - Duvessa The splash of poison hits Duvessa.
Duvessa is poisoned.
Duvessa is lightly wounded.
Duvessa hits you with a +0 short sword. Duvessa closely misses you.
You shoot an arrow. The arrow hits Duvessa.
Duvessa is lightly wounded.
Duvessa hits you with a +0 short sword! Duvessa closely misses you.
You shoot an arrow. The arrow hits Duvessa.
Duvessa is lightly wounded.
Duvessa hits you with a +0 short sword.
You shoot an arrow. The arrow barely misses Duvessa.
You have got your breath back.
Duvessa hits you with a +0 short sword. Duvessa hits you with a +0 short sword!
2637 ||| INVOKING Spit Poison.
Aiming: Spit Poison (1% risk of failure)
Press: ? - help, Shift-Dir - straight line, f/p - Duvessa The splash of poison hits Duvessa.
Duvessa looks even sicker.
Duvessa is moderately wounded.
Duvessa hits you with a +0 short sword.
You shoot an arrow. The arrow hits Duvessa!
Duvessa is heavily wounded.
Duvessa barely misses you. Duvessa hits you with a +0 short sword!
2639 ||| READING scroll of teleportation.
As you read the scroll of teleportation, it crumbles to dust.
You feel strangely unstable.
You have got your breath back.
Duvessa hits you with a +0 short sword!
2640 ||| DRINKING potion of heal wounds.
You feel much better.
Duvessa hits you with a +0 short sword! x2
You die...

#.# ### #.#
##.########
#.#
#.........#
#.#
##.######.#
#.# #.# #.#
##.#####.#
#)#
#........#
#.#
#..#######
#.# #.e@#
#.#
...)..#?#
#.#
#######.#
#.# #.#
#.#### #.#
#....# #.#
####.# #.#
#.. ... ###


You could see Duvessa (berserk, very poisoned).

Vanquished Creatures
  Sigmund (D:4)
  2 phantoms
  Dowan (D:4)
  2 orc priests
  2 orc wizards (D:4)
  3 adders (D:3)
  6 orcs
  7 endoplasms
  2 giant cockroaches
  3 goblins
  3 hobgoblins (D:3)
  3 jackals (D:1)
  4 kobolds
  A quokka (D:3)
  6 ball pythons
  8 bats
  7 frilled lizards
  2 rats (D:1)
  A spectral orc (D:4)
64 creatures vanquished.

Notes
Turn   | Place    | Note
-------+----------+-------------------------------------------
     0 | D:1      | qw the Naga Hunter began the quest for the Orb.
     0 | D:1      | Reached XP level 1. HP: 19/19 MP: 1/1
     0 | D:1      | 0 ||| qw: Version: 0.2-a-29-gc1b59c4
     0 | D:1      | 0 ||| qw: Game counter: 4115
     0 | D:1      | 0 ||| qw: Always use a shield: true
     0 | D:1      | 0 ||| qw: God list: Okawaru
     0 | D:1      | 0 ||| qw: Allow faded altars: false
     0 | D:1      | 0 ||| qw: Do Orc after D:15 true
     0 | D:1      | 0 ||| qw: Do second Lair branch before Depths: true
     0 | D:1      | 0 ||| qw: Lair rune preference: random
     0 | D:1      | 0 ||| qw: Plans: Normal
     0 | D:1      | 0 ||| PLANNING D:1-11
    40 | D:1      | 40 ||| INVOKING Spit Poison.
    77 | D:1      | 77 ||| INVOKING Spit Poison.
   104 | D:1      | 104 ||| INVOKING Spit Poison.
   125 | D:1      | 125 ||| INVOKING Spit Poison.
   166 | D:1      | 166 ||| INVOKING Spit Poison.
   167 | D:1      | Reached skill level 4 in Ranged Weapons
   167 | D:1      | Reached XP level 2. HP: 26/26 MP: 2/2
   175 | D:1      | 175 ||| INVOKING Spit Poison.
   227 | D:1      | 227 ||| INVOKING Spit Poison.
   228 | D:1      | 228 ||| INVOKING Spit Poison.
   254 | D:1      | 254 ||| INVOKING Spit Poison.
   258 | D:1      | 258 ||| INVOKING Spit Poison.
   259 | D:1      | 259 ||| INVOKING Spit Poison.
   265 | D:1      | 265 ||| INVOKING Spit Poison.
   412 | D:1      | 412 ||| INVOKING Spit Poison.
   495 | D:1      | 495 ||| INVOKING Spit Poison.
   567 | D:1      | Reached XP level 3. HP: 32/32 MP: 3/3
   568 | D:1      | Found a faded altar of an unknown god.
   745 | D:1      | 745 ||| INVOKING Spit Poison.
   856 | D:1      | 856 ||| DROPPING +6 ring of intelligence.
   857 | D:1      | 857 ||| READING 3 scrolls labelled SIHAF ALOP.
   858 | D:1      | 858 ||| READING scroll labelled MOXYENIPPU.
   859 | D:1      | 859 ||| READING scroll labelled CIKLYAN YPPOTSAS.
   864 | D:1      | 864 ||| READING scroll labelled CUAGOPOERI.
   864 | D:1      | Identified a scroll of acquirement
   864 | D:1      | 864 ||| ACQUIRING +0 helmet of Theory {rPois rC+++ Will-
                  | Regen+}
   864 | D:1      | Acquired the +0 helmet of Theory {rPois rC+++ Will- Regen+}
   866 | D:1      | 866 ||| UPGRADING to +0 helmet of Theory {rPois rC+++ Will-
                  | Regen+}.
   871 | D:1      | 871 ||| DROPPING 2 scrolls of magic mapping.
   872 | D:1      | 872 ||| DROPPING scroll of butterflies.
   934 | D:2      | 934 ||| INVOKING Spit Poison.
  1089 | D:2      | 1089 ||| INVOKING Spit Poison.
  1258 | D:2      | 1258 ||| INVOKING Spit Poison.
  1264 | D:2      | 1264 ||| INVOKING Spit Poison.
  1271 | D:2      | 1271 ||| INVOKING Spit Poison.
  1303 | D:2      | 1303 ||| INVOKING Spit Poison.
  1411 | D:2      | 1411 ||| INVOKING Spit Poison.
  1414 | D:2      | 1414 ||| INVOKING Spit Poison.
  1483 | D:2      | Found Jokarph's Book Shop.
  1541 | D:2      | 1541 ||| READING scroll labelled OWAR MUEFOY.
  1542 | D:2      | 1542 ||| READING scroll labelled ABLUHE BOSOA.
  1543 | D:2      | 1543 ||| DRINKING 2 ruby potions.
  1609 | D:3      | 1609 ||| INVOKING Spit Poison.
  1613 | D:3      | 1613 ||| INVOKING Spit Poison.
  1618 | D:3      | 1618 ||| INVOKING Spit Poison.
  1680 | D:3      | 1680 ||| INVOKING Spit Poison.
  1686 | D:3      | Reached skill level 5 in Ranged Weapons
  1686 | D:3      | Reached XP level 4. HP: 39/39 MP: 4/4
  1687 | D:3      | 1687 ||| INVOKING Spit Poison.
  1691 | D:3      | 1691 ||| INVOKING Spit Poison.
  1744 | D:3      | 1744 ||| INVOKING Spit Poison.
  1753 | D:3      | 1753 ||| INVOKING Spit Poison.
  1801 | D:3      | 1801 ||| INVOKING Spit Poison.
  1802 | D:3      | Reached skill level 3 in Fighting
  1848 | D:3      | 1848 ||| INVOKING Spit Poison.
  1870 | D:3      | 1870 ||| INVOKING Spit Poison.
  1871 | D:3      | 1871 ||| INVOKING Spit Poison.
  1936 | D:3      | 1936 ||| INVOKING Spit Poison.
  2012 | D:3      | Noticed a phantom
  2037 | D:3      | Killed a phantom
  2038 | D:3      | Reached XP level 5. HP: 24/49 MP: 5/5
  2175 | D:3      | 2175 ||| INVOKING Spit Poison.
  2260 | D:3      | Found an ornate altar of the Wu Jian Council.
  2266 | D:3      | 2266 ||| UPGRADING to +2 cloak.
  2271 | D:3      | 2271 ||| READING scroll labelled ASUOLOFISEE.
  2272 | D:3      | 2272 ||| READING scroll labelled CIOXYF ZAM WOE.
  2273 | D:3      | 2273 ||| READING 2 scrolls of identify.
  2273 | D:3      | 2273 ||| IDENTIFYING clear potion
  2299 | D:4      | 2299 ||| INVOKING Spit Poison.
  2321 | D:4      | 2321 ||| INVOKING Spit Poison.
  2326 | D:4      | Reached skill level 6 in Ranged Weapons
  2327 | D:4      | 2327 ||| INVOKING Spit Poison.
  2346 | D:4      | 2346 ||| INVOKING Spit Poison.
  2350 | D:4      | Reached XP level 6. HP: 52/56 MP: 6/6
  2352 | D:4      | 2352 ||| INVOKING Spit Poison.
  2356 | D:4      | 2356 ||| INVOKING Spit Poison.
  2378 | D:4      | Found a basalt altar of Yredelemnul.
  2568 | D:4      | Noticed Sigmund
  2569 | D:4      | 2569 ||| INVOKING Spit Poison.
  2571 | D:4      | 2571 ||| DRINKING 2 potions of curing.
  2571 | D:4      | 2571 ||| (to cure confusion)
  2573 | D:4      | 2573 ||| DRINKING potion of curing.
  2573 | D:4      | 2573 ||| (to cure confusion)
  2574 | D:4      | 2574 ||| INVOKING Spit Poison.
  2575 | D:4      | Killed Sigmund
  2576 | D:4      | Reached XP level 7. HP: 66/66 MP: 7/7
  2597 | D:4      | 2597 ||| INVOKING Spit Poison.
  2625 | D:4      | Noticed Dowan
  2626 | D:4      | Noticed Duvessa
  2627 | D:4      | 2627 ||| INVOKING Spit Poison.
  2628 | D:4      | Killed Dowan
  2630 | D:4      | 2630 ||| INVOKING Spit Poison.
  2633 | D:4      | 2633 ||| INVOKING Spit Poison.
  2637 | D:4      | 2637 ||| INVOKING Spit Poison.
  2638 | D:4      | HP: 12/66 [Duvessa/+0 short sword (15)]
  2639 | D:4      | 2639 ||| READING scroll of teleportation.
  2639 | D:4      | HP: 1/66 [Duvessa/+0 short sword (12)]
  2640 | D:4      | 2640 ||| DRINKING potion of heal wounds.
  2640 | D:4      | Slain by Duvessa

Levels and vault maps discovered:
D:1:      arrival_zaba_pyramid, layout_loops_ring,
          shapermc_ecumenical_altar_pompeii
D:2:      layout_basic, serial_shops, shop
D:3:      layout_loops_ring, nzn_wu_jian_council_hall
D:4:      layout_loops_ring, yredelemnul_forgotten_temple_becter, uniq_sigmund,
          uniq_duvessa

Skill      XL: |  1  2  3  4  5  6 |
---------------+-------------------+-----
Ranged Weapons | 4 5 6 |  6.9
Fighting       | 3 4 |  4.3
Dodging        | |  1.5
Stealth        | |  1.5

Action                     |  1- 3 |  4- 6 |  7- 9 || total
---------------------------+-------+-------+-------++-------
   Fire: Shortbow          |    84 |    82 |    10 ||   176
Ability: Spit Poison       |    25 |    17 |     5 ||    47
    Use: Scroll            |     6 |     3 |     1 ||    10
         Potion            |     1 |     2 |     1 ||     4
 Armour: Leather armour    |    17 |    12 |       ||    29
  Dodge: Dodged            |    24 |    21 |     4 ||    49

Table legend:
 A = Non-vault XP
 B = Vault XP
 C = Vault XP percentage of total XP
 D = Non-vault monster count
 E = Vault monster count
 F = Vault count percentage of total count
                 A         B        C        D         E       F
            +---------+---------+-------+---------+---------+-------
      Total |     498 |     296 |  37.3 |      61 |       3 |   4.7
            +---------+---------+-------+---------+---------+-------
        D:1 |      36 |       0 |   0.0 |      24 |       0 |   0.0
        D:2 |      17 |       0 |   0.0 |      11 |       0 |   0.0
        D:3 |     214 |       0 |   0.0 |      16 |       0 |   0.0
        D:4 |     231 |     296 |  56.2 |      10 |       3 |  23.1
            +---------+---------+-------+---------+---------+-------
